 Dungeon Crawl Stone Soup version 0.31-a0-841-g038b102fc3 (webtiles) character file.

Game seed: 16911057113429402376

224 Kurtz the Chopper (level 6, -5/42 HPs)
             Began as an Octopode Fighter on Sept 27, 2023.
             Slain by a gnoll
             ... wielding a +0 halberd
              (9 damage)
             ... on level 3 of the Dungeon.
             The game lasted 00:02:22 (2847 turns).

Kurtz the Chopper (Octopode Fighter)                Turns: 2847, Time: 00:02:23

Health: -5/42      AC:  1    Str: 15    XL:     6   Next: 0%
Magic:  6/6        EV: 13    Int: 11    God:
Gold:   155        SH:  4    Dex: 13    Spells: 5/5 levels left

rFire   . . .        m - +0 mace (drain)
rCold   . . .        b - +0 buckler
rNeg    . . .        (helmet restricted)
rPois   .            (no amulet)
rElec   .            (no ring)
rCorr   .            (no ring)
SInv    .            (no ring)
Will    .....        (no ring)
Stlth   ++           (no ring)
HPRegen 0.27/turn    (no ring)
MPRegen 0.10/turn    (no ring)
                     (no ring)

%: no passive effects
@: no status effects
A: almost no armour, amphibious, 8 rings, camouflage 1, gelatinous body 1,
(nimble swimmer 1), tentacles
a: no special abilities


You were on level 3 of the Dungeon.
You visited 1 branch of the dungeon, and saw 3 of its levels.
You also visited: Sewer.

You collected 155 gold pieces.

Inventory:

Hand Weapons
 a - a +0 war axe
 m - a +0 mace of draining (weapon)
Armour
 b - a +0 buckler (worn)
Scrolls
 e - 3 scrolls of teleportation
 h - 3 scrolls of identify {unknown}
 j - 2 scrolls of immolation {unknown}
 k - a scroll of vulnerability {unknown}
 l - 3 scrolls of amnesia {unknown}
 n - a scroll of fog {unknown}
 q - a scroll of enchant armour {unknown}
 r - a scroll of revelation {unknown}
Potions
 c - 2 potions of might
 f - a potion of brilliance {unknown}
 g - a potion of invisibility {unknown}
 i - a potion of heal wounds {unknown}
 o - 5 potions of enlightenment
 p - a potion of mutation


   Skills:
 + Level 3.1 Fighting
 * Level 6.0 Axes
 - Level 3.0 Dodging
 - Level 3.0 Shields


You had 5 spell levels left.
You didn't know any spells.
Your spell library contained the following spells:

 Spells                   Type           Power      Damage    Failure   Level
 Manifold Assault         Tloc           0%         N/A       99%         4
 Dispersal                Tloc           0%         N/A       100%        6
 Disjunction              Tloc           0%         N/A       100%        8


Dungeon Overview and Level Annotations

Branches:
Dungeon (3/15)              Sewer (visited)

Altars:

Shops:
D:2 =


Innate Abilities, Weirdness & Mutations

You cannot wear most types of armour.
You are amphibious.
You can wear up to eight rings at the same time.
Your skin changes colour to match your surroundings (Stealth+).
Your rubbery body absorbs attacks. (AC +1, EV +1)
((You are camouflaged when in or above water. (Stealth+)))
You have tentacles for arms and can constrict up to eight enemies at once.


Message History

You block the gnoll's attack. The gnoll attacks as it pursues you!
You block the gnoll's attack.
You feel sick.
You feel sick.
You are no longer poisoned.
The adder closely misses you. The adder attacks as it pursues you!
The adder misses you. The gnoll attacks as it pursues you!
The gnoll closely misses you.
A bat comes into view.
The jackal misses you.
You barely miss the jackal. Your grab misses the jackal.
The adder closely misses you. The jackal barely misses you.
You block the gnoll's attack.
The gnoll hits you from afar with a +0 spear.
The adder barely misses you. The jackal bites you.
Unknown command.
You barely miss the jackal. Your grab misses the jackal.
You squeeze the jackal.
The jackal is almost dead.
The adder closely misses you. The jackal closely misses you.
The gnoll barely misses you. The gnoll closely misses you.
Unknown command.
You hit the jackal.
You kill the jackal!
The adder bites you. The gnoll barely misses you.
The gnoll hits you from afar with a +0 halberd!
* * * LOW HITPOINT WARNING * * *
The adder completely misses you.
You have reached level 6!
You block the bat's attack.
You see here a jackal corpse.
A jackal comes into view.
The gnoll completely misses you. You block the bat's attack.
There is a stone staircase leading up here.
The bat hits you.
* * * LOW HITPOINT WARNING * * *
The gnoll hits you from afar with a +0 spear.
* * * LOW HITPOINT WARNING * * *
The gnoll hits you from afar with a +0 halberd!
You die...

###### #.. ..# ##
#########.###.# ###.
........#.#.#.### #...
................## #..
......>...?g...#.# ###?
....$.....g$#@...##########.#.
........###.#b#.....#.........
......$..g..gS..#.h##.#####..†
###########.#.### .##.#####...
#.......#... #.....'...
#.......#.### #######...
#.......#... ... #...
#.......#.#######.### #... ##
####...................# #...


You could see 2 gnolls, an adder (very drained), a jackal (asleep) and a bat.

Vanquished Creatures
  6 adders
  6 river rats
  3 worms
  A dart slug (D:1)
  11 ball pythons
  4 endoplasms
  5 giant cockroaches
  8 goblins
  9 hobgoblins
  6 jackals
  5 kobolds
  12 quokkas
  13 bats
  10 frilled lizards
  5 rats
104 creatures vanquished.

Notes
Turn   | Place    | Note
-------+----------+-------------------------------------------
     0 | D:1      | Kurtz the Octopode Fighter began the quest for the Orb.
     0 | D:1      | Reached XP level 1. HP: 16/16 MP: 1/1
   163 | D:1      | Reached XP level 2. HP: 21/21 MP: 2/2
   269 | D:1      | Reached skill level 3 in Axes
   447 | D:1      | Reached XP level 3. HP: 25/26 MP: 3/3
   955 | D:2      | Reached skill level 4 in Axes
  1000 | D:2      | Reached XP level 4. HP: 25/31 MP: 4/4
  1103 | D:2      | Found Weutsob's Jewellery Emporium.
  1915 | D:3      | Found a glowing drain.
  1930 | D:3      | Reached skill level 5 in Axes
  1930 | D:3      | Reached XP level 5. HP: 5/36 MP: 5/5
  2021 | Sewer    | Entered a sewer
  2419 | Sewer    | HP: 1/36 [river rat (2)]
  2822 | D:3      | Reached skill level 6 in Axes
  2845 | D:3      | Reached XP level 6. HP: 9/42 MP: 6/6
  2847 | D:3      | Slain by a gnoll

Illustrated notes

Levels and vault maps discovered:
D:1:      dpeg_arrival_tiny_d, layout_loops_corners
D:2:      layout_basic, serial_shops, shop, minmay_circled_x
D:3:      layout_basic, marbit_many_paths, gup_sewer_entry_bubbles

Skill      XL: |  1  2  3  4  5 |
---------------+----------------+-----
Axes           | 3 4 5 6 |  6.0
Fighting       | |  3.1
Dodging        | |  3.0
Shields        | |  3.0

Action                     |  1- 3 |  4- 6 || total
---------------------------+-------+-------++-------
  Melee: War axe           |    73 |    23 ||    96
         Constrict         |    19 |    25 ||    44
         Tentacles         |    11 |    13 ||    24
         Mace              |       |    85 ||    85
         Punch             |       |     3 ||     3
    Use: Scroll            |       |     1 ||     1
         Potion            |       |     1 ||     1
   Stab: Sleeping          |     6 |    15 ||    21
 Armour: Skin              |    34 |    61 ||    95
  Dodge: Dodged            |    34 |    93 ||   127
  Block: Buckler           |    17 |    37 ||    54

Table legend: (Time is in decaauts)
 A = Elapsed time spent in this place.
 B = Non-inter-level travel time spent in this place.
 C = Inter-level travel time spent in this place.
 D = Time resting spent in this place.
 E = Time spent auto-exploring this place.
 F = Levels seen in this place.
 G = Mean time per level.
                   A        B        C        D        E       F      G
               +--------+--------+--------+--------+--------+-----+--------+
         Total |   2905 |   2826 |     79 |    393 |   1714 |   4 |  726.2 |
       Dungeon |   2116 |   2037 |     79 |     87 |   1421 |   3 |  705.3 |
         Sewer |    788 |    788 |      0 |    306 |    293 |   1 |  788.0 |
               +--------+--------+--------+--------+--------+-----+--------+

Top non-repeatable levels by time:
     D:1: 927 daAuts
     D:2: 881 daAuts
   Sewer: 788 daAuts
     D:3: 307 daAuts
